 Dungeon Crawl Stone Soup version 0.19-a0-231-gae044c8 (webtiles) character file.

132 oplop the Insei (level 5, -6/28 HPs)
             Began as a Vine Stalker Monk on May 24, 2016.
             Mangled by Grinder (8 damage)
             ... on level 3 of the Dungeon.
             The game lasted 00:05:14 (2288 turns).

oplop the Insei (Vine Stalker Monk)                 Turns: 2288, Time: 00:05:15

Health: -6/28      AC:  3    Str: 13      XL:     5   Next: 15%
Magic:  0/6        EV: 14    Int:  8 (10) God:
Gold:   175        SH:  0    Dex: 17 (18) Spells: 0 memorised, 4 levels left

rFire  . . .     SeeInvis .     g - +0 dagger
rCold  . . .     Gourm    .     a - +0 robe
rNeg   . . .     Faith    .     (no shield)
rPois  .         Spirit   +     l - +0 helmet
rElec  .         Dismiss  .     (no cloak)
rCorr  .         Reflect  .     (no gloves)
SustAt .         Harm     .     (no boots)
MR     .....                    (no amulet)
Stlth  +++.......               (no ring)
                                (no ring)

@: lethally poisoned (-6 -> -7), not resistant to hostile enchantments, fairly
stealthy
A: claws 1, fangs 2, regeneration 1, magic shield, antimagic bite, no device
heal 3, rot immunity
a: no special abilities


You were on level 3 of the Dungeon.
You were not hungry.

You visited 1 branch of the dungeon, and saw 3 of its levels.

You collected 175 gold pieces.

Inventory:

Hand Weapons
 g - a +0 dagger (weapon)
Armour
 a - a +0 robe (worn)
 l - a +0 helmet (worn)
Scrolls
 e - a scroll of teleportation {unknown}
 i - 2 scrolls of enchant armour {unknown}
 j - 3 scrolls of remove curse
 k - a scroll of amnesia {unknown}
 n - 2 scrolls of identify
 o - 2 scrolls of recharging {unknown}
 r - a scroll of noise {unknown}
Potions
 c - a potion of resistance
 d - a potion of degeneration
 h - a potion of heal wounds
Comestibles
 b - 3 bread rations
 f - 2 beef jerkies
 p - a fruit


   Skills:
 + Level 3.6 Fighting
 + Level 1.2 Short Blades
 + Level 3.3 Dodging
 + Level 3.8 Stealth
 - Level 4.0 Unarmed Combat


You had 4 spell levels left.
You didn't know any spells.

Dungeon Overview and Level Annotations

Branches:
Dungeon (3/15)

Altars:

Annotations:
D:1 Terence
D:3 Grinder


Innate Abilities, Weirdness & Mutations

You have extremely sharp teeth.
Your natural rate of healing is unusually fast.
When hurt, damage is shared between your health and your magic reserves.
Your bite disrupts and absorbs the magic of your enemies.
Potions and wands cannot restore your health.
You are immune to rotting.
You have sharp fingernails.


Message History

Drink which item? (? for menu, Esc to quit)
It was a potion of invisibility.
You fade into invisibility!
Grinder hits you.
* * * LOW HITPOINT WARNING * * *
You writhe in agony.
* * * LOW HITPOINT WARNING * * *
You are very lightly contaminated with residual magic.
Drink which item? (? for menu, Esc to quit)
It was a potion of cancellation.
Your magical effects are unravelling.
Your magical contamination has completely faded away.
You feel magically purged.
You flicker back into view.
Grinder closely misses you.
Drink which item? (? for menu, Esc to quit)
It was a potion of beneficial mutation.
Your fingernails lengthen.
You feel fantastic! Grinder hits you!
You die...

###### #..@.#
#.##5# #.# .#
######.##.#
#.......#.#
########.####..#!#
##........#..#..#.#
##...........####.#
##...†...##.##


You could see Grinder.

Vanquished Creatures
  4 adders (D:3)
  2 oozes
  2 worms
  A dart slug (D:1)
  3 giant geckos
  6 orcs (D:3)
  5 giant cockroaches
  5 hobgoblins
  6 jackals
  3 quokkas
  2 ball pythons
  8 bats
  4 giant newts
  8 goblins
  5 kobolds
  6 rats
70 creatures vanquished.

Vanquished Creatures (others)
  4 toadstools (D:1)
4 creatures vanquished.

Grand Total: 74 creatures vanquished

Notes
Turn   | Place    | Note
--------------------------------------------------------------
     0 | D:1      | oplop the Vine Stalker Monk began the quest for the Orb.
     0 | D:1      | Reached XP level 1. HP: 11/11 MP: 2/2
   122 | D:1      | Reached XP level 2. HP: 12/16 MP: 3/3
   343 | D:1      | Reached XP level 3. HP: 20/20 MP: 4/4
   669 | D:2      | Noticed Terence
  1442 | D:2      | Reached XP level 4. HP: 20/24 MP: 3/5
  1907 | D:3      | Reached skill level 1 in Short Blades
  2221 | D:3      | Reached XP level 5. HP: 15/28 MP: 6/6
  2284 | D:3      | Noticed Grinder
  2286 | D:3      | HP: 1/28 [Grinder (4)]
  2288 | D:3      | Gained mutation: You have sharp fingernails. [potion of beneficial mutation]
  2288 | D:3      | Mangled by Grinder

Vault maps used:
D:1:      ldierk_walled_garden_2
D:2:      first_bread, uniq_terence
D:3:      uniq_grinder

Skill      XL: |  1  2  3  4 |
---------------+-------------+-----
Fighting       | 3 |  3.6
Stealth        | 3 |  3.8
Dodging        | 3 |  3.3
Short Blades   | 1 |  1.2
Unarmed Combat | |  4.0

Action                   |  1- 3 |  4- 6 || total
-------------------------+-------+-------++-------
Melee: Unarmed           |    19 |       ||    19
       Bite              |    52 |    31 ||    83
       Short sword       |    53 |       ||    53
       Punch             |     4 |     2 ||     6
       Dagger            |   104 |    90 ||   194
  Use: Scroll            |     3 |       ||     3
       Potion            |     2 |     3 ||     5
 Stab: Sleeping          |     9 |    10 ||    19
       Distracted        |     1 |       ||     1
  Eat: Meat ration       |       |     1 ||     1
Armor: Robe              |    34 |    10 ||    44
Dodge: Dodged            |   135 |    50 ||   185
